Panthers vs Bruins

Created - 18 janvier 2021 at 20:22

Goals
1 2 3 T
Panthers 0 0 3 3
Bruins 1 0 1 2
Shots
1 2 3 T
Panthers 10 7 10 27
Bruins 9 11 11 31

1st period

1. Bruins , Lukas Vejdemo 1 (Colton White 2, Alex Iafallo 16) at 1:42 (PP)

Penalties :
Alex Ovechkin (FLA) for Tripping (Minor) at 1:08, Brian Dumoulin (BOS) for Interference (Minor) at 10:46

2nd period

No Goal

Penalties :
Vladimir Sobotka (BOS) for Hooking (Minor) at 13:15

3rd period

2. Panthers , Pierre-Luc Dubois 11 (Jeff Petry 27, Quinn Hughes 37) at 3:21
3. Bruins , Radek Faksa 16 (Michael Frolik 14, Brady Skjei 14) at 9:31
4. Panthers , Jonathan Huberdeau 16 (Dylan Larkin 23, Colton Parayko 25) at 10:47
5. Panthers , Jonathan Huberdeau 17 (Matthew Tkachuk 18, Derek Grant 5) at 19:32 (PP)

Penalties :
Brady Skjei (BOS) for Tripping (Minor) at 18:38

Goalie Stats

Corey Crawford (FLA), 29 saves from 31 shots - (0,935), W, 36-1-2, 60:00 minutes
Tristan Jarry (BOS), 24 saves from 27 shots - (0,889), L, 10-17-1, 59:46 minutes

Players Stats for Panthers

Player Name              G  A  P  +/- PIM S  H  SB GA TA FO     MP     PP MP  PK MP  
------------------------------------------------------------------------------------
Aleksander Barkov        0  0  0   0  0   1  1  0  0  0  5/11    7:00   1:16   0:00 
Alex Ovechkin            0  0  0   0  2   1  4  0  0  0  0/1    17:19   2:19   0:00 
Charlie McAvoy           0  0  0  -1  0   0  1  1  0  0  0/0    14:24   0:00   0:22 
Colton Parayko           0  1  1   1  0   1  3  1  0  0  0/0    23:27   2:33   0:00 
Derek Grant              0  1  1  -1  0   1  1  0  0  0  1/1    11:41   0:16   0:00 
Dylan Larkin             0  1  1   1  0   5  0  1  0  0  18/32  22:50   2:14   0:00 
Jean-Gabriel Pageau      0  0  0   1  0   4  2  0  0  0  11/24  18:07   1:06   0:12 
Jeff Petry               0  1  1   1  0   1  4  2  0  0  0/0    22:36   2:19   0:12 
Jonathan Huberdeau       2  0  2   1  0   3  0  0  0  0  0/1    19:29   2:33   0:00 
Matt Calvert             0  0  0   1  0   2  2  0  0  0  0/1    11:54   0:00   0:12 
Matthew Tkachuk          0  1  1   0  0   1  1  0  0  0  0/1    18:12   3:11   0:00 
Nate Thompson            0  0  0  -1  0   3  3  0  0  0  7/15   11:44   0:00   0:22 
Nikita Kucherov          0  0  0   1  0   2  4  0  0  0  0/0    18:37   1:41   0:00 
Oskar Sundqvist          0  0  0  -1  0   0  1  0  0  0  0/0    11:17   0:00   0:22 
Pierre-Luc Dubois        1  0  1   1  0   1  0  0  0  0  0/0    11:15   0:00   0:00 
Quinn Hughes             0  1  1   1  0   1  1  1  0  0  0/0    22:09   2:19   0:12 
Samuel Girard            0  0  0   1  0   0  0  2  0  0  0/0    23:00   2:33   0:00 
Zdeno Chara              0  0  0  -1  0   0  1  1  0  0  0/0    14:24   0:00   0:22 

Players Stats for Bruins

Player Name              G  A  P  +/- PIM S  H  SB GA TA FO     MP     PP MP  PK MP  
------------------------------------------------------------------------------------
Adam Henrique            0  0  0   0  0   2  2  1  0  0  13/24  20:45   0:00   1:08 
Alex Iafallo             0  1  1   0  0   1  0  0  0  0  0/0    19:45   0:34   1:01 
Antoine Roussel          0  0  0  -1  0   0  0  0  0  0  0/0    17:49   0:00   0:35 
Brady Skjei              0  1  1   0  2   1  3  1  0  0  0/0    20:32   0:00   0:41 
Brett Pesce              0  0  0  -1  0   1  0  1  0  0  0/0    19:36   0:00   2:35 
Brian Dumoulin           0  0  0   0  2   0  4  0  0  0  0/0    12:46   0:00   1:36 
Carl Hagelin             0  0  0   0  0   4  0  3  0  0  1/1    21:16   0:00   2:06 
Colton White             0  1  1   0  0   1  0  1  0  0  0/0    18:15   0:34   0:00 
Jan Rutta                0  0  0  -1  0   0  0  1  0  0  0/0     8:25   0:00   2:35 
Jordan Oesterle          0  0  0   0  0   1  1  0  0  0  0/0    19:31   0:00   0:00 
Lukas Vejdemo            1  0  1   0  0   1  0  0  0  0  5/10    5:59   0:34   0:00 
Marcus Sorensen          0  0  0  -1  0   4  2  0  0  0  1/3    14:06   0:00   2:17 
Markus Nutivaara         0  0  0   0  0   0  0  0  0  0  0/0    20:53   0:34   2:17 
Michael Frolik           0  1  1   0  0   2  0  0  0  0  0/1    18:17   0:34   0:00 
Radek Faksa              1  0  1   0  0   5  1  0  0  0  17/24  18:18   0:00   0:35 
Tanner Fritz             0  0  0   0  0   1  1  0  0  0  1/2     5:25   0:00   0:00 
Tyler Bertuzzi           0  0  0   0  0   7  0  0  0  0  0/3    19:37   0:00   0:00 
Vladimir Sobotka         0  0  0  -1  2   0  1  1  0  0  7/19   13:50   0:00   2:02 

3 Stars

1 - Jonathan Huberdeau (FLA)
2 - Jeff Petry (FLA)
3 - Pierre-Luc Dubois (FLA)

Power Play

Panthers - 1 on 3 Attempt(s) - 33,33%
Bruins - 1 on 1 Attempt(s) - 100,00%

Penalty Kill

Panthers - 0 on 1 Attempt(s) - 0,00% - Score 0 goal in Penalty Kill
Bruins - 2 on 3 Attempt(s) - 66,67% - Score 0 goal in Penalty Kill

Team Stat

Panthers - Hits : 29 - Faceoff Wins : 42 - Blocked Shots : 9 - Penalty Minutes : 2
Bruins - Hits : 15 - Faceoff Wins : 45 - Blocked Shots : 9 - Penalty Minutes : 6

Official

Referees : Kevin Pollock and Francois St-Laurent
Linesman : Jesse Marquis and James Tobias

Game Notes

Aleksander Barkov is injured at 1:10 of 2nd period (Sore Left Knee)

Finance

Level 1 -- Attendance: 6000 (100,00%) -- Ticket Income 708 000 $
Level 2 -- Attendance: 5000 (100,00%) -- Ticket Income 375 000 $
Level 3 -- Attendance: 3085 (88,14%) -- Ticket Income 148 080 $
Level 4 -- Attendance: 2627 (82,61%) -- Ticket Income 78 810 $
Luxury Box -- Attendance: 897 (89,70%) -- Ticket Income 189 267 $
Game was played at the TD Garden.
Total Attendance: 17609 (94,27%)
Total Ticket Income: 1 499 157 $
Other Income: 734 587 $
Total Income: 2 233 744 $

% Time on Ice - Panthers

Lines # - Real PCT - Wanted PCT - Time Play
Normal Forward
1 - 31% - 33% - 16:56
2 - 28% - 33% - 15:01
3 - 21% - 24% - 11:15
4 - 20% - 10% - 10:55
Normal Defense
1 - 36% - 40% - 19:38
2 - 38% - 40% - 20:27
3 - 26% - 20% - 14:02
4 - 0% - 0% - 0:00
PP Forward
1 - 65% - 50% - 3:11
2 - 35% - 50% - 1:41
PP Defense
1 - 48% - 50% - 2:19
2 - 52% - 50% - 2:33
PK Forward
1 - 65% - 60% - 0:22
2 - 35% - 40% - 0:12
PK Defense
1 - 35% - 60% - 0:12
2 - 65% - 40% - 0:22
PK3 Forward
1 - 0% - 60%
2 - 0% - 40%
PK3 Defense
1 - 0% - 60%
2 - 0% - 40%
44 Forward
1 - 0% - 50%
2 - 0% - 50%
44 Defense
1 - 0% - 60%
2 - 0% - 40%
Last Minute Offensive  - 0:00
Last Minute Defensive  - 0:27
Total
Forward - 60:00
Defense - 60:00

% Time on Ice - Bruins

Lines # - Real PCT - Wanted PCT - Time Play
Normal Forward
1 - 35% - 36% - 19:10
2 - 33% - 32% - 17:43
3 - 22% - 22% - 11:49
4 - 10% - 10% - 5:25
Normal Defense
1 - 36% - 36% - 19:25
2 - 33% - 32% - 17:41
3 - 21% - 21% - 11:11
4 - 11% - 11% - 5:50
PP Forward
1 - 0% - 55% - 0:00
2 - 100% - 45% - 0:34
PP Defense
1 - 0% - 60% - 0:00
2 - 100% - 40% - 0:34
PK Forward
1 - 88% - 60% - 4:17
2 - 12% - 40% - 0:35
PK Defense
1 - 53% - 60% - 2:35
2 - 47% - 40% - 2:17
PK3 Forward
1 - 0% - 54%
2 - 0% - 46%
PK3 Defense
1 - 0% - 60%
2 - 0% - 40%
44 Forward
1 - 0% - 55%
2 - 0% - 45%
44 Defense
1 - 0% - 60%
2 - 0% - 40%
Last Minute Offensive  - 0:27
Last Minute Defensive  - 0:00
Total
Forward - 60:00
Defense - 60:00

Play-by-Play

1st period


0:01 of 1st period - Adam Henrique wins face-off versus Aleksander Barkov in neutral zone.
0:10 of 1st period - Shot by Tyler Bertuzzi.
0:10 of 1st period - Shot Blocked by Jeff Petry.
0:25 of 1st period - Aleksander Barkov is hit by Jordan Oesterle and loses puck.
1:06 of 1st period - Radek Faksa is hit by Alex Ovechkin and loses puck.
1:08 of 1st period - Minor Penalty to Alex Ovechkin for Tripping.
1:09 of 1st period - Nate Thompson wins face-off versus Lukas Vejdemo in Panthers zone.
1:38 of 1st period - Shot by Alex Iafallo.
1:38 of 1st period - Shot Misses the Net.
1:40 of 1st period - Shot by Colton White.
1:40 of 1st period - Shot Misses the Net.
1:42 of 1st period - Shot by Lukas Vejdemo.
1:42 of 1st period - Goal by Lukas Vejdemo - Panthers : 0 - Bruins : 1.
1:43 of 1st period - Dylan Larkin wins face-off versus Vladimir Sobotka in neutral zone.
1:56 of 1st period - Shot by Dylan Larkin.
1:56 of 1st period - Stopped by Tristan Jarry without a rebound.
1:57 of 1st period - Tanner Fritz wins face-off versus Jean-Gabriel Pageau in Bruins zone.
2:45 of 1st period - Off-side.
2:46 of 1st period - Dylan Larkin wins face-off versus Radek Faksa in neutral zone.
3:16 of 1st period - Icing by Michael Frolik.
3:17 of 1st period - Radek Faksa wins face-off versus Nate Thompson in Bruins zone.
3:31 of 1st period - Icing by Quinn Hughes.
3:32 of 1st period - Nate Thompson wins face-off versus Adam Henrique in Panthers zone.
4:36 of 1st period - Shot by Jonathan Huberdeau.
4:36 of 1st period - Shot Misses the Net.
4:38 of 1st period - Shot by Colton Parayko.
4:38 of 1st period - Stopped by Tristan Jarry without a rebound.
4:39 of 1st period - Vladimir Sobotka wins face-off versus Matthew Tkachuk in Bruins zone.
5:13 of 1st period - Shot by Dylan Larkin.
5:13 of 1st period - Shot Blocked by Vladimir Sobotka.
5:39 of 1st period - Shot by Alex Iafallo.
5:39 of 1st period - Shot Misses the Net.
5:41 of 1st period - Shot by Radek Faksa.
5:41 of 1st period - Stopped by Corey Crawford without a rebound.
5:42 of 1st period - Radek Faksa wins face-off versus Jean-Gabriel Pageau in Panthers zone.
5:42 of 1st period - Alex Iafallo is hit by Jeff Petry and loses puck.
6:30 of 1st period - Icing by Alex Iafallo.
6:31 of 1st period - Aleksander Barkov wins face-off versus Michael Frolik in Bruins zone.
6:46 of 1st period - Shot by Nikita Kucherov.
6:46 of 1st period - Stopped by Tristan Jarry with a rebound.
7:10 of 1st period - Shot by Aleksander Barkov.
7:10 of 1st period - Stopped by Tristan Jarry without a rebound.
7:11 of 1st period - Dylan Larkin wins face-off versus Vladimir Sobotka in Bruins zone.
7:14 of 1st period - Shot by Dylan Larkin.
7:14 of 1st period - Stopped by Tristan Jarry without a rebound.
7:15 of 1st period - Vladimir Sobotka wins face-off versus Alex Ovechkin in Bruins zone.
7:33 of 1st period - Shot by Matthew Tkachuk.
7:33 of 1st period - Shot Misses the Net.
7:45 of 1st period - Quinn Hughes is hit by Vladimir Sobotka and loses puck.
8:11 of 1st period - Shot by Adam Henrique.
8:11 of 1st period - Stopped by Corey Crawford without a rebound.
8:12 of 1st period - Adam Henrique wins face-off versus Aleksander Barkov in Panthers zone.
8:12 of 1st period - Tyler Bertuzzi is hit by Colton Parayko and loses puck.
8:45 of 1st period - Shot by Nikita Kucherov.
8:45 of 1st period - Stopped by Tristan Jarry without a rebound.
8:46 of 1st period - Jean-Gabriel Pageau wins face-off versus Lukas Vejdemo in Bruins zone.
8:51 of 1st period - Shot by Pierre-Luc Dubois.
8:51 of 1st period - Shot Misses the Net.
9:03 of 1st period - Shot by Tanner Fritz.
9:03 of 1st period - Shot Misses the Net.
9:05 of 1st period - Shot by Brady Skjei.
9:05 of 1st period - Shot Hit the Post.
9:44 of 1st period - Radek Faksa is hit by Zdeno Chara and loses puck.
10:10 of 1st period - Pierre-Luc Dubois is hit by Brian Dumoulin and loses puck.
10:37 of 1st period - Jonathan Huberdeau is hit by Brian Dumoulin.
10:42 of 1st period - Nikita Kucherov is hit by Brian Dumoulin and loses puck.
10:46 of 1st period - Minor Penalty to Brian Dumoulin for Interference.
10:47 of 1st period - Dylan Larkin wins face-off versus Vladimir Sobotka in Bruins zone.
11:24 of 1st period - Shot by Alex Ovechkin.
11:24 of 1st period - Shot Blocked by Jan Rutta.
12:22 of 1st period - Icing by Matthew Tkachuk.
12:23 of 1st period - Adam Henrique wins face-off versus Aleksander Barkov in Panthers zone.
12:44 of 1st period - Shot by Carl Hagelin.
12:44 of 1st period - Stopped by Corey Crawford without a rebound.
12:45 of 1st period - Dylan Larkin wins face-off versus Radek Faksa in Panthers zone.
13:02 of 1st period - Shot by Alex Iafallo.
13:02 of 1st period - Stopped by Corey Crawford without a rebound.
13:03 of 1st period - Jean-Gabriel Pageau wins face-off versus Adam Henrique in Panthers zone.
13:05 of 1st period - Charlie McAvoy is hit by Adam Henrique and loses puck.
13:12 of 1st period - Shot by Jean-Gabriel Pageau.
13:12 of 1st period - Stopped by Tristan Jarry without a rebound.
13:13 of 1st period - Nate Thompson wins face-off versus Radek Faksa in Bruins zone.
13:30 of 1st period - Shot by Radek Faksa.
13:30 of 1st period - Stopped by Corey Crawford without a rebound.
13:31 of 1st period - Adam Henrique wins face-off versus Jean-Gabriel Pageau in Panthers zone.
13:44 of 1st period - Shot by Jean-Gabriel Pageau.
13:44 of 1st period - Stopped by Tristan Jarry without a rebound.
13:45 of 1st period - Dylan Larkin wins face-off versus Vladimir Sobotka in Bruins zone.
14:46 of 1st period - Off-side.
14:47 of 1st period - Jean-Gabriel Pageau wins face-off versus Adam Henrique in neutral zone.
14:50 of 1st period - Brady Skjei is hit by Jean-Gabriel Pageau and loses puck.
15:03 of 1st period - Shot by Tyler Bertuzzi.
15:03 of 1st period - Stopped by Corey Crawford without a rebound.
15:04 of 1st period - Radek Faksa wins face-off versus Aleksander Barkov in Panthers zone.
15:25 of 1st period - Icing by Charlie McAvoy.
15:26 of 1st period - Aleksander Barkov wins face-off versus Tyler Bertuzzi in Panthers zone.
15:36 of 1st period - Icing by Jordan Oesterle.
15:37 of 1st period - Adam Henrique wins face-off versus Dylan Larkin in Bruins zone.
15:37 of 1st period - Adam Henrique is hit by Matthew Tkachuk.
15:48 of 1st period - Shot by Adam Henrique.
15:48 of 1st period - Shot Blocked by Samuel Girard.
15:50 of 1st period - Shot by Brady Skjei.
15:50 of 1st period - Shot Misses the Net.
15:52 of 1st period - Shot by Carl Hagelin.
15:52 of 1st period - Stopped by Corey Crawford with a rebound.
15:54 of 1st period - Shot by Tyler Bertuzzi.
15:54 of 1st period - Shot Misses the Net.
16:10 of 1st period - Shot by Alex Ovechkin.
16:10 of 1st period - Stopped by Tristan Jarry without a rebound.
16:11 of 1st period - Aleksander Barkov wins face-off versus Vladimir Sobotka in Bruins zone.
16:25 of 1st period - Antoine Roussel is hit by Jeff Petry and loses puck.
16:31 of 1st period - Marcus Sorensen is hit by Quinn Hughes and loses puck.
16:34 of 1st period - Shot by Marcus Sorensen.
16:34 of 1st period - Stopped by Corey Crawford without a rebound.
16:35 of 1st period - Radek Faksa wins face-off versus Matt Calvert in Panthers zone.
17:44 of 1st period - Shot by Matthew Tkachuk.
17:44 of 1st period - Stopped by Tristan Jarry without a rebound.
17:45 of 1st period - Vladimir Sobotka wins face-off versus Aleksander Barkov in Bruins zone.
17:45 of 1st period - Vladimir Sobotka is hit by Nikita Kucherov.
18:02 of 1st period - Icing by Jeff Petry.
18:03 of 1st period - Aleksander Barkov wins face-off versus Adam Henrique in Panthers zone.
18:10 of 1st period - Carl Hagelin is hit by Aleksander Barkov.
18:22 of 1st period - Shot by Carl Hagelin.
18:22 of 1st period - Shot Blocked by Jeff Petry.
19:11 of 1st period - Colton White is hit by Alex Ovechkin and loses puck.
19:37 of 1st period - Off-side.
19:38 of 1st period - Radek Faksa wins face-off versus Nate Thompson in neutral zone.
19:40 of 1st period - Brian Dumoulin is hit by Oskar Sundqvist and loses puck.
Goals for this period are 0 for Panthers vs 1 for Bruins.
Shots for this period are 10 for Panthers vs 9 for Bruins.

2nd period


0:01 of 2nd period - Adam Henrique wins face-off versus Aleksander Barkov in neutral zone.
0:21 of 2nd period - Icing by Brady Skjei.
0:22 of 2nd period - Adam Henrique wins face-off versus Dylan Larkin in Bruins zone.
0:22 of 2nd period - Adam Henrique is hit by Alex Ovechkin.
0:30 of 2nd period - Shot by Tyler Bertuzzi.
0:30 of 2nd period - Stopped by Corey Crawford with a rebound.
0:36 of 2nd period - Shot by Tyler Bertuzzi.
0:36 of 2nd period - Stopped by Corey Crawford with a rebound.
0:42 of 2nd period - Shot by Adam Henrique.
0:42 of 2nd period - Shot Misses the Net.
0:44 of 2nd period - Shot by Tyler Bertuzzi.
0:44 of 2nd period - Shot Blocked by Samuel Girard.
1:04 of 2nd period - Shot by Michael Frolik.
1:04 of 2nd period - Stopped by Corey Crawford with a rebound.
1:08 of 2nd period - Shot by Radek Faksa.
1:08 of 2nd period - Stopped by Corey Crawford without a rebound.
1:09 of 2nd period - Aleksander Barkov wins face-off versus Lukas Vejdemo in Panthers zone.
1:09 of 2nd period - Aleksander Barkov is hit by Tanner Fritz.
1:10 of 2nd period - Aleksander Barkov from Panthers is injured at 1:10 of 2nd period (Sore Left Knee).
1:11 of 2nd period - Jean-Gabriel Pageau wins face-off versus Lukas Vejdemo in Panthers zone.
1:13 of 2nd period - Icing by Jonathan Huberdeau.
1:14 of 2nd period - Radek Faksa wins face-off versus Jean-Gabriel Pageau in Panthers zone.
1:25 of 2nd period - Shot by Alex Iafallo.
1:25 of 2nd period - Shot Blocked by Quinn Hughes.
1:35 of 2nd period - Shot by Nikita Kucherov.
1:35 of 2nd period - Shot Misses the Net.
1:43 of 2nd period - Shot by Quinn Hughes.
1:43 of 2nd period - Stopped by Tristan Jarry without a rebound.
1:44 of 2nd period - Dylan Larkin wins face-off versus Adam Henrique in Bruins zone.
1:45 of 2nd period - Shot by Alex Ovechkin.
1:45 of 2nd period - Shot Blocked by Brady Skjei.
2:17 of 2nd period - Shot by Dylan Larkin.
2:17 of 2nd period - Stopped by Tristan Jarry without a rebound.
2:18 of 2nd period - Lukas Vejdemo wins face-off versus Jean-Gabriel Pageau in Bruins zone.
2:48 of 2nd period - Icing by Brett Pesce.
2:49 of 2nd period - Lukas Vejdemo wins face-off versus Nate Thompson in Bruins zone.
3:20 of 2nd period - Shot by Derek Grant.
3:20 of 2nd period - Deflect By Nate Thompson.
3:20 of 2nd period - Stopped by Tristan Jarry without a rebound.
3:21 of 2nd period - Radek Faksa wins face-off versus Jean-Gabriel Pageau in Bruins zone.
3:21 of 2nd period - Radek Faksa is hit by Matt Calvert.
3:37 of 2nd period - Shot by Matt Calvert.
3:37 of 2nd period - Stopped by Tristan Jarry without a rebound.
3:38 of 2nd period - Adam Henrique wins face-off versus Dylan Larkin in Bruins zone.
3:38 of 2nd period - Adam Henrique is hit by Nikita Kucherov.
4:14 of 2nd period - Shot by Dylan Larkin.
4:14 of 2nd period - Shot Misses the Net.
5:41 of 2nd period - Markus Nutivaara is hit by Nate Thompson and loses puck.
5:46 of 2nd period - Markus Nutivaara is hit by Nate Thompson.
5:57 of 2nd period - Icing by Samuel Girard.
5:58 of 2nd period - Radek Faksa wins face-off versus Nate Thompson in Panthers zone.
6:55 of 2nd period - Icing by Jordan Oesterle.
6:56 of 2nd period - Dylan Larkin wins face-off versus Adam Henrique in Bruins zone.
7:15 of 2nd period - Brady Skjei is hit by Alex Ovechkin.
7:26 of 2nd period - Dylan Larkin is hit by Brady Skjei and loses puck.
7:50 of 2nd period - Icing by Tanner Fritz.
7:51 of 2nd period - Lukas Vejdemo wins face-off versus Jean-Gabriel Pageau in Bruins zone.
7:51 of 2nd period - Lukas Vejdemo is hit by Nikita Kucherov.
8:00 of 2nd period - Icing by Charlie McAvoy.
8:01 of 2nd period - Radek Faksa wins face-off versus Jean-Gabriel Pageau in Panthers zone.
8:18 of 2nd period - Shot by Alex Iafallo.
8:18 of 2nd period - Shot Misses the Net.
8:30 of 2nd period - Shot by Jean-Gabriel Pageau.
8:30 of 2nd period - Stopped by Tristan Jarry with a rebound.
9:02 of 2nd period - Shot by Adam Henrique.
9:02 of 2nd period - Deflect By Tyler Bertuzzi.
9:02 of 2nd period - Shot Misses the Net.
9:10 of 2nd period - Shot by Tyler Bertuzzi.
9:10 of 2nd period - Stopped by Corey Crawford without a rebound.
9:11 of 2nd period - Nate Thompson wins face-off versus Vladimir Sobotka in Panthers zone.
10:41 of 2nd period - Shot by Alex Ovechkin.
10:41 of 2nd period - Shot Misses the Net.
10:55 of 2nd period - Shot by Alex Ovechkin.
10:55 of 2nd period - Shot Misses the Net.
11:18 of 2nd period - Icing by Zdeno Chara.
11:19 of 2nd period - Radek Faksa wins face-off versus Jean-Gabriel Pageau in Panthers zone.
11:30 of 2nd period - Shot by Michael Frolik.
11:30 of 2nd period - Deflect By Radek Faksa.
11:30 of 2nd period - Shot Blocked by Zdeno Chara.
12:20 of 2nd period - Shot by Vladimir Sobotka.
12:20 of 2nd period - Deflect By Marcus Sorensen.
12:20 of 2nd period - Stopped by Corey Crawford without a rebound.
12:21 of 2nd period - Dylan Larkin wins face-off versus Lukas Vejdemo in Panthers zone.
12:34 of 2nd period - Shot by Antoine Roussel.
12:34 of 2nd period - Deflect By Lukas Vejdemo.
12:34 of 2nd period - Shot Misses the Net.
12:36 of 2nd period - Shot by Colton White.
12:36 of 2nd period - Shot Misses the Net.
12:38 of 2nd period - Shot by Lukas Vejdemo.
12:38 of 2nd period - Shot Misses the Net.
12:40 of 2nd period - Shot by Colton White.
12:40 of 2nd period - Stopped by Corey Crawford without a rebound.
12:41 of 2nd period - Nate Thompson wins face-off versus Vladimir Sobotka in Panthers zone.
13:15 of 2nd period - Minor Penalty to Vladimir Sobotka for Hooking.
13:16 of 2nd period - Adam Henrique wins face-off versus Dylan Larkin in Bruins zone.
13:41 of 2nd period - Shot by Alex Ovechkin.
13:41 of 2nd period - Deflect By Nikita Kucherov.
13:41 of 2nd period - Shot Misses the Net.
13:43 of 2nd period - Shot by Alex Ovechkin.
13:43 of 2nd period - Shot Misses the Net.
13:45 of 2nd period - Shot by Dylan Larkin.
13:45 of 2nd period - Shot Blocked by Carl Hagelin.
13:47 of 2nd period - Shot by Quinn Hughes.
13:47 of 2nd period - Shot Blocked by Adam Henrique.
14:12 of 2nd period - Icing by Jonathan Huberdeau.
14:13 of 2nd period - Jean-Gabriel Pageau wins face-off versus Marcus Sorensen in Panthers zone.
14:13 of 2nd period - Jean-Gabriel Pageau is hit by Marcus Sorensen.
14:19 of 2nd period - Shot by Samuel Girard.
14:19 of 2nd period - Shot Misses the Net.
14:21 of 2nd period - Shot by Jean-Gabriel Pageau.
14:21 of 2nd period - Stopped by Tristan Jarry without a rebound.
14:22 of 2nd period - Marcus Sorensen wins face-off versus Dylan Larkin in Bruins zone.
14:43 of 2nd period - Shot by Colton Parayko.
14:43 of 2nd period - Shot Misses the Net.
14:55 of 2nd period - Samuel Girard is hit by Marcus Sorensen and loses puck.
15:15 of 2nd period - Jean-Gabriel Pageau is hit by Brady Skjei and loses puck.
15:47 of 2nd period - Shot by Brady Skjei.
15:47 of 2nd period - Stopped by Corey Crawford without a rebound.
15:48 of 2nd period - Jean-Gabriel Pageau wins face-off versus Adam Henrique in Panthers zone.
16:36 of 2nd period - Off-side.
16:37 of 2nd period - Radek Faksa wins face-off versus Dylan Larkin in neutral zone.
16:45 of 2nd period - Shot by Radek Faksa.
16:45 of 2nd period - Deflect By Michael Frolik.
16:45 of 2nd period - Stopped by Corey Crawford without a rebound.
16:46 of 2nd period - Vladimir Sobotka wins face-off versus Dylan Larkin in Panthers zone.
16:47 of 2nd period - Shot by Antoine Roussel.
16:47 of 2nd period - Shot Hit the Post.
16:49 of 2nd period - Shot by Marcus Sorensen.
16:49 of 2nd period - Stopped by Corey Crawford with a rebound.
16:51 of 2nd period - Shot by Vladimir Sobotka.
16:51 of 2nd period - Shot Blocked by Colton Parayko.
16:53 of 2nd period - Shot by Brady Skjei.
16:53 of 2nd period - Shot Blocked by Dylan Larkin.
16:55 of 2nd period - Shot by Jordan Oesterle.
16:55 of 2nd period - Stopped by Corey Crawford without a rebound.
16:56 of 2nd period - Radek Faksa wins face-off versus Dylan Larkin in Panthers zone.
18:53 of 2nd period - Shot by Nate Thompson.
18:53 of 2nd period - Stopped by Tristan Jarry without a rebound.
18:54 of 2nd period - Dylan Larkin wins face-off versus Vladimir Sobotka in Bruins zone.
19:22 of 2nd period - Off-side.
19:23 of 2nd period - Nate Thompson wins face-off versus Radek Faksa in neutral zone.
Goals for this period are 0 for Panthers vs 0 for Bruins.
Shots for this period are 7 for Panthers vs 11 for Bruins.

3rd period


0:01 of 3rd period - Radek Faksa wins face-off versus Dylan Larkin in neutral zone.
0:09 of 3rd period - Icing by Dylan Larkin.
0:10 of 3rd period - Dylan Larkin wins face-off versus Tyler Bertuzzi in Panthers zone.
1:23 of 3rd period - Pierre-Luc Dubois is hit by Brady Skjei and loses puck.
1:39 of 3rd period - Icing by Brady Skjei.
1:40 of 3rd period - Adam Henrique wins face-off versus Nate Thompson in Bruins zone.
2:03 of 3rd period - Off-side.
2:04 of 3rd period - Dylan Larkin wins face-off versus Vladimir Sobotka in neutral zone.
2:13 of 3rd period - Icing by Brian Dumoulin.
2:14 of 3rd period - Vladimir Sobotka wins face-off versus Jonathan Huberdeau in Bruins zone.
2:14 of 3rd period - Vladimir Sobotka is hit by Nikita Kucherov.
2:25 of 3rd period - Antoine Roussel is hit by Colton Parayko and loses puck.
2:34 of 3rd period - Shot by Marcus Sorensen.
2:34 of 3rd period - Stopped by Corey Crawford with a rebound.
2:43 of 3rd period - Icing by Samuel Girard.
2:44 of 3rd period - Radek Faksa wins face-off versus Dylan Larkin in Panthers zone.
2:53 of 3rd period - Shot by Dylan Larkin.
2:53 of 3rd period - Stopped by Tristan Jarry with a rebound.
2:56 of 3rd period - Icing by Markus Nutivaara.
2:57 of 3rd period - Radek Faksa wins face-off versus Jean-Gabriel Pageau in Bruins zone.
3:09 of 3rd period - Icing by Quinn Hughes.
3:10 of 3rd period - Jean-Gabriel Pageau wins face-off versus Vladimir Sobotka in Panthers zone.
3:21 of 3rd period - Shot by Pierre-Luc Dubois.
3:21 of 3rd period - Goal by Pierre-Luc Dubois - Panthers : 1 - Bruins : 1.
3:22 of 3rd period - Dylan Larkin wins face-off versus Radek Faksa in neutral zone.
3:31 of 3rd period - Colton Parayko is hit by Radek Faksa and loses puck.
3:45 of 3rd period - Shot by Radek Faksa.
3:45 of 3rd period - Stopped by Corey Crawford without a rebound.
3:46 of 3rd period - Adam Henrique wins face-off versus Dylan Larkin in Panthers zone.
4:03 of 3rd period - Shot by Adam Henrique.
4:03 of 3rd period - Shot Misses the Net.
4:05 of 3rd period - Shot by Tyler Bertuzzi.
4:05 of 3rd period - Stopped by Corey Crawford without a rebound.
4:06 of 3rd period - Jean-Gabriel Pageau wins face-off versus Vladimir Sobotka in Panthers zone.
4:27 of 3rd period - Icing by Markus Nutivaara.
4:28 of 3rd period - Dylan Larkin wins face-off versus Marcus Sorensen in Bruins zone.
4:33 of 3rd period - Shot by Nikita Kucherov.
4:33 of 3rd period - Shot Misses the Net.
5:41 of 3rd period - Shot by Pierre-Luc Dubois.
5:41 of 3rd period - Shot Misses the Net.
5:43 of 3rd period - Shot by Matt Calvert.
5:43 of 3rd period - Stopped by Tristan Jarry without a rebound.
5:44 of 3rd period - Nate Thompson wins face-off versus Radek Faksa in Bruins zone.
6:18 of 3rd period - Radek Faksa is hit by Nate Thompson and loses puck.
6:30 of 3rd period - Icing by Brady Skjei.
6:31 of 3rd period - Dylan Larkin wins face-off versus Radek Faksa in Bruins zone.
7:01 of 3rd period - Shot by Dylan Larkin.
7:01 of 3rd period - Shot Misses the Net.
7:03 of 3rd period - Shot by Dylan Larkin.
7:03 of 3rd period - Stopped by Tristan Jarry without a rebound.
7:04 of 3rd period - Jean-Gabriel Pageau wins face-off versus Adam Henrique in Bruins zone.
7:14 of 3rd period - Jonathan Huberdeau is hit by Brian Dumoulin and loses puck.
7:25 of 3rd period - Shot by Tyler Bertuzzi.
7:25 of 3rd period - Stopped by Corey Crawford without a rebound.
7:26 of 3rd period - Lukas Vejdemo wins face-off versus Nate Thompson in Panthers zone.
7:35 of 3rd period - Shot by Derek Grant.
7:35 of 3rd period - Deflect By Oskar Sundqvist.
7:35 of 3rd period - Shot Misses the Net.
7:37 of 3rd period - Shot by Derek Grant.
7:37 of 3rd period - Shot Misses the Net.
7:39 of 3rd period - Shot by Derek Grant.
7:39 of 3rd period - Stopped by Tristan Jarry without a rebound.
7:40 of 3rd period - Dylan Larkin wins face-off versus Adam Henrique in Bruins zone.
7:43 of 3rd period - Shot by Matthew Tkachuk.
7:43 of 3rd period - Shot Misses the Net.
7:45 of 3rd period - Shot by Dylan Larkin.
7:45 of 3rd period - Shot Misses the Net.
8:35 of 3rd period - Shot by Jonathan Huberdeau.
8:35 of 3rd period - Stopped by Tristan Jarry with a rebound.
8:45 of 3rd period - Shot by Jonathan Huberdeau.
8:45 of 3rd period - Shot Blocked by Carl Hagelin.
8:47 of 3rd period - Shot by Jonathan Huberdeau.
8:47 of 3rd period - Shot Blocked by Colton White.
8:55 of 3rd period - Shot by Jean-Gabriel Pageau.
8:55 of 3rd period - Shot Misses the Net.
9:29 of 3rd period - Shot by Michael Frolik.
9:29 of 3rd period - Shot Misses the Net.
9:31 of 3rd period - Shot by Radek Faksa.
9:31 of 3rd period - Goal by Radek Faksa - Panthers : 1 - Bruins : 2.
9:32 of 3rd period - Dylan Larkin wins face-off versus Tanner Fritz in neutral zone.
9:51 of 3rd period - Shot by Tanner Fritz.
9:51 of 3rd period - Stopped by Corey Crawford without a rebound.
9:52 of 3rd period - Radek Faksa wins face-off versus Nate Thompson in Panthers zone.
10:47 of 3rd period - Shot by Jonathan Huberdeau.
10:47 of 3rd period - Goal by Jonathan Huberdeau - Panthers : 2 - Bruins : 2.
10:48 of 3rd period - Lukas Vejdemo wins face-off versus Dylan Larkin in neutral zone.
11:30 of 3rd period - Shot by Alex Ovechkin.
11:30 of 3rd period - Shot Misses the Net.
12:27 of 3rd period - Icing by Jonathan Huberdeau.
12:28 of 3rd period - Radek Faksa wins face-off versus Jean-Gabriel Pageau in Panthers zone.
13:31 of 3rd period - Shot by Adam Henrique.
13:31 of 3rd period - Shot Misses the Net.
13:33 of 3rd period - Shot by Tyler Bertuzzi.
13:33 of 3rd period - Shot Hit the Post.
13:35 of 3rd period - Shot by Markus Nutivaara.
13:35 of 3rd period - Shot Misses the Net.
13:37 of 3rd period - Shot by Adam Henrique.
13:37 of 3rd period - Stopped by Corey Crawford without a rebound.
13:38 of 3rd period - Vladimir Sobotka wins face-off versus Dylan Larkin in Panthers zone.
13:54 of 3rd period - Antoine Roussel is hit by Jeff Petry and loses puck.
13:58 of 3rd period - Marcus Sorensen is hit by Jeff Petry and loses puck.
14:16 of 3rd period - Shot by Alex Ovechkin.
14:16 of 3rd period - Shot Blocked by Brett Pesce.
15:11 of 3rd period - Michael Frolik is hit by Jean-Gabriel Pageau and loses puck.
15:41 of 3rd period - Radek Faksa is hit by Colton Parayko and loses puck.
15:55 of 3rd period - Off-side.
15:56 of 3rd period - Derek Grant wins face-off versus Tyler Bertuzzi in neutral zone.
16:06 of 3rd period - Shot by Carl Hagelin.
16:06 of 3rd period - Stopped by Corey Crawford with a rebound.
16:11 of 3rd period - Tyler Bertuzzi is hit by Charlie McAvoy and loses puck.
16:25 of 3rd period - Shot by Carl Hagelin.
16:25 of 3rd period - Stopped by Corey Crawford without a rebound.
16:26 of 3rd period - Vladimir Sobotka wins face-off versus Nate Thompson in Panthers zone.
16:37 of 3rd period - Brian Dumoulin is hit by Derek Grant and loses puck.
16:43 of 3rd period - Icing by Vladimir Sobotka.
16:44 of 3rd period - Dylan Larkin wins face-off versus Vladimir Sobotka in Bruins zone.
16:55 of 3rd period - Shot by Marcus Sorensen.
16:55 of 3rd period - Shot Blocked by Charlie McAvoy.
16:59 of 3rd period - Shot by Brett Pesce.
16:59 of 3rd period - Stopped by Corey Crawford without a rebound.
17:00 of 3rd period - Adam Henrique wins face-off versus Dylan Larkin in Panthers zone.
18:18 of 3rd period - Radek Faksa is hit by Matt Calvert and loses puck.
18:38 of 3rd period - Minor Penalty to Brady Skjei for Tripping.
18:39 of 3rd period - Carl Hagelin wins face-off versus Jean-Gabriel Pageau in Bruins zone.
18:54 of 3rd period - Shot by Alex Ovechkin.
18:54 of 3rd period - Shot Misses the Net.
19:04 of 3rd period - Shot by Jeff Petry.
19:04 of 3rd period - Shot Misses the Net.
19:06 of 3rd period - Shot by Jean-Gabriel Pageau.
19:06 of 3rd period - Shot Blocked by Carl Hagelin.
19:08 of 3rd period - Shot by Jeff Petry.
19:08 of 3rd period - Stopped by Tristan Jarry with a rebound.
19:32 of 3rd period - Shot by Jonathan Huberdeau.
19:32 of 3rd period - Goal by Jonathan Huberdeau - Panthers : 3 - Bruins : 2.
19:33 of 3rd period - Jean-Gabriel Pageau wins face-off versus Adam Henrique in neutral zone.
19:38 of 3rd period - Shot by Nate Thompson.
19:38 of 3rd period - Stopped by Tristan Jarry without a rebound.
19:39 of 3rd period - Adam Henrique wins face-off versus Jean-Gabriel Pageau in Bruins zone.
19:46 of 3rd period - Bruins, Tristan Jarry is pulled from the net.
19:46 of 3rd period - Shot by Tyler Bertuzzi.
19:46 of 3rd period - Stopped by Corey Crawford without a rebound.
19:47 of 3rd period - Jean-Gabriel Pageau wins face-off versus Adam Henrique in Panthers zone.
19:47 of 3rd period - Jean-Gabriel Pageau is hit by Adam Henrique.
Goals for this period are 3 for Panthers vs 1 for Bruins.
Shots for this period are 10 for Panthers vs 11 for Bruins.